 Dungeon Crawl Stone Soup version 0.31-a0-968-g24f9ace8b5 (webtiles) character file.

Game seed: 16679497560499412772

100 LeprechaunX the Changeling (level 4, -2/29 HPs)
             Began as an Octopode Shapeshifter on Oct 27, 2023.
             Slain by a goblin
             ... wielding a +0 dagger
             ... led by Robin
              (6 damage)
             ... on level 2 of the Dungeon.
             The game lasted 00:01:22 (741 turns).

LeprechaunX the Changeling (Octopode Shapeshifter)   Turns: 741, Time: 00:01:22

Health: -2/29      AC:  1    Str: 13    XL:     4   Next: 74%
Magic:  4/4        EV: 13    Int: 12    God:
Gold:   50         SH:  0    Dex: 13    Spells: 3/3 levels left

rFire   . . .        d - +1 short sword (vamp)
rCold   . . .        (no shield)
rNeg    . . .        (helmet currently unavailable)
rPois   .            (no amulet)
rElec   .            (no ring)
rCorr   .            (no ring)
SInv    .            (no ring)
Will    .....        (no ring)
Stlth   ++           (no ring)
HPRegen 0.24/turn    (no ring)
MPRegen 0.09/turn    (no ring)
                     (no ring)

%: no passive effects
@: beast-form
A: beast (slay +2), almost no armour, amphibious, 8 rings, camouflage 1,
gelatinous body 1, (nimble swimmer 1), tentacles
a: Begin Untransformation


You were on level 2 of the Dungeon.
You were a hulking beast.
You visited 1 branch of the dungeon, and saw 2 of its levels.

You collected 50 gold pieces.

Inventory:

Hand Weapons
 a - a +0 sling
 d - a +1 vampiric short sword (weapon)
Talismans
 b - a beast talisman
 c - a flux talisman
Scrolls
 e - a scroll of fog {unknown}
 i - a scroll of identify {unknown}
 k - a scroll of torment {unknown}
Potions
 f - 2 potions of enlightenment {unknown}
 g - a potion of magic {unknown}
 h - a potion of lignification
 j - a potion of might {unknown}
 l - a potion of curing {unknown}


   Skills:
 + Level 2.2 Fighting
 - Level 2.0 Dodging
 + Level 3.7 Unarmed Combat
 * Level 4.1 Shapeshifting


You had 3 spell levels left.
You didn't know any spells.
Your spell library was empty.

Dungeon Overview and Level Annotations

Branches:
Dungeon (2/15)

Altars:

Shops:
D:2 =


Innate Abilities, Weirdness & Mutations

You are a hulking beast.
Your limbs bulge with bestial killing power. (Slay +2)
You cannot wear most types of armour.
You are amphibious.
You can wear up to eight rings at the same time.
Your skin changes colour to match your surroundings (Stealth+).
Your rubbery body absorbs attacks. (AC +1, EV +1)
((You are camouflaged when in or above water. (Stealth+)))
You have tentacles for arms and can constrict up to eight enemies at once.


Message History

The goblin is severely wounded.
The goblin hits you with a +0 club. Robin hits you with a +0 club.
The goblin closely misses you.
A goblin comes into view. It is wielding a +0 dagger.
You barely miss the goblin.
The goblin shouts!
Your grab misses the goblin. Your squeeze misses the goblin.
The goblin is severely wounded.
You hear a shout!
The goblin unwields a +0 sling.
The goblin wields a +0 club.
The goblin barely misses you. The goblin hits you but does no damage.
Robin roars a battlecry!
The goblins go into a battle-frenzy!
The goblin closely misses you.
You hit Robin but do no damage. Your grab misses Robin. You squeeze Robin.
Robin is moderately wounded.
The goblin misses you. The goblin hits you but does no damage.
Robin barely misses you. The goblin hits you but does no damage.
Unknown command.
You hit Robin.
You feel better.
You grab Robin.
Robin is heavily wounded.
You constrict Robin. The goblin barely misses you.
An adder comes into view.
The goblin closely misses you. Robin hits you with a +0 club.
The goblin hits you with a +0 dagger.
Unknown command.
The adder hisses angrily.
You hit Robin but do no damage.
Robin is severely wounded.
You constrict Robin. The goblin hits you with a +0 club. x2
Robin throws the goblin at you!
* * * LOW HITPOINT WARNING * * *
The goblin hits you with a +0 dagger.
* * * LOW HITPOINT WARNING * * *
Unknown command.
You hit Robin.
You feel better.
You tentacle-slap Robin.
You kill Robin!
The goblin misses you. The goblin barely misses you.
The hobgoblin closely misses you. The goblin hits you with a +0 dagger.
You die...

#.#....... #.#......
#######.#..... .
#....##.#...# ..
#...)##.#...# ..
#####....##.#...# .#
................# .g#
##..##.##.#.#..g##gg.#
#..#.#.#.#.##)†hgg#
..#∩#..#.#>.ggg##
#.#.#.#...#..##.#
#.##.##.#..... .#
#.......####.. .#
.....###.###.#.....
####. #......##.... #
#.####.# ...
#.##..<##.##


You could see 3 hobgoblins and 6 goblins.

Vanquished Creatures
  Terence (D:2)
  Natasha (D:2)
  Robin (D:2)
  An adder (D:2)
  A dart slug (D:1)
  2 giant cockroaches (D:1)
  6 goblins
  5 hobgoblins
  4 jackals (D:1)
  3 kobolds (D:1)
  2 quokkas (D:1)
  2 ball pythons (D:1)
  4 bats (D:1)
  A frilled lizard (D:1)
  2 rats
36 creatures vanquished.

Notes
Turn   | Place    | Note
-------+----------+-------------------------------------------
     0 | D:1      | LeprechaunX the Octopode Shapeshifter began the quest for
                  | the Orb.
     0 | D:1      | Reached XP level 1. HP: 13/13 MP: 1/1
   105 | D:1      | Reached XP level 2. HP: 18/18 MP: 2/2
   346 | D:1      | Reached XP level 3. HP: 18/23 MP: 3/3
   655 | D:2      | Noticed Natasha
   660 | D:2      | Killed Natasha
   661 | D:2      | Reached XP level 4. HP: 22/29 MP: 4/4
   674 | D:2      | Found Peozuw's Jewellery Shop.
   677 | D:2      | Noticed Terence
   685 | D:2      | Killed Terence
   686 | D:2      | Reached skill level 4 in Shapeshifting
   724 | D:2      | Noticed Robin
   740 | D:2      | HP: 1/29 [goblin/+0 dagger[Robin] (6)]
   741 | D:2      | Killed Robin
   741 | D:2      | Slain by a goblin

Illustrated notes

Levels and vault maps discovered:
D:1:      dpeg_arrival_boxorama, layout_basic, serial_park_tiny_1
D:2:      layout_basic, serial_shops, nicolae_shop_gaudy_bauble, uniq_jessica,
          uniq_robin, uniq_terence, uniq_natasha

Skill      XL: |  1  2  3  4 |
---------------+-------------+-----
Fighting       | 2 |  2.2
Shapeshifting  | 4 |  4.1
Dodging        | |  2.0
Unarmed Combat | |  3.7

Action                     |  1- 3 |  4- 6 || total
---------------------------+-------+-------++-------
  Melee: Short sword       |    47 |    21 ||    68
         Unarmed           |     5 |       ||     5
         Constrict         |    16 |     6 ||    22
         Tentacles         |    13 |     5 ||    18
         Punch             |     1 |     2 ||     3
   Stab: Sleeping          |     4 |     1 ||     5
 Armour: Skin              |    22 |    18 ||    40
  Dodge: Dodged            |    32 |    16 ||    48

Table legend: (Time is in decaauts)
 A = Elapsed time spent in this place.
 B = Non-inter-level travel time spent in this place.
 C = Inter-level travel time spent in this place.
 D = Time resting spent in this place.
 E = Time spent auto-exploring this place.
 F = Levels seen in this place.
 G = Mean time per level.
                   A        B        C        D        E       F      G
               +--------+--------+--------+--------+--------+-----+--------+
         Total |    740 |    727 |     13 |      0 |    535 |   2 |  370.0 |
       Dungeon |    740 |    727 |     13 |      0 |    535 |   2 |  370.0 |
               +--------+--------+--------+--------+--------+-----+--------+

Top non-repeatable levels by time:
     D:1: 654 daAuts
     D:2: 85 daAuts
